Match 40944261
Unlisted

Match 40944261
End
Panzergrenadier Squad
Panzergrenadier Squad
250 Light Carrier
Panzergrenadier Squad
Construct Light Support Kompanie
Combat Half-tracks
Selects Italian Infantry
2.5-tonne Medical Truck
Fire Support Elements
Pak 38 Anti-tank Gun Team
Pak 38 Anti-tank Gun Team
Construct Panzerarmee Kommand
MG34 Team
Walking Stuka Rocket Launcher
Selects Guastatori Squad
Selects Registered Artillery
Selects Towed Cannone da 105/28 Field Howitzer
Pak 38 Anti-tank Gun Team
Pak 38 Anti-tank Gun Team
Armored Reserves
一千個妓女的兒子
Adelfos88
Dr Jello
GANDX
ShoulderGuy
Pinhead Larry
Not Emily Willis™
Just Another French Alt
0
0

Comments sign in to comment!

No comments posted yet!